[ AOE2 MATCH · #505124706 ]
UnrankedHuns vs Dravidians
Player's team · WIN
[ REPLAY ANALYSIS · EXTRACTED FROM THE RECORDED GAME ]
Feudal
12:39
Castle
28:47
Imperial
43:38
| APM avg | 63.4 |
| APM peak | 104 |
| eAPM avg | 28.4 |
| Villagers / military | 96 / 109 |
Focus
⚔️ 34.9% · 🌾 65.1%
Skirmisher ×65 · Militia ×12 · Scout Cavalry ×11 · Knight ×5 · Tarkan ×5 · Scorpion ×5
Feudal
9:48
Castle
30:31
Imperial
—
| APM avg | 84.7 |
| APM peak | 159 |
| eAPM avg | 40.4 |
| Villagers / military | 81 / 126 |
Focus
⚔️ 69.6% · 🌾 30.4%
Skirmisher ×75 · Spearman ×31 · Elephant Archer ×6 · Militia ×5 · Armored Elephant ×4 · Mangonel ×3
Match map
Initial resources + every placement click. Lines = walls · curves = elevation contours. ◆ gold · ⬟ stone · ● berries · ✦ relic · ◌ wall gap
Your base· Open — unwalled flank
average2ksmurf's base· Open — unwalled flank
Smoothed initial terrain · ◌ = detected wall gap · hover for details
Inputs per minute
— CORP_hector_sin_elo - - average2ksmurf
Build order — CORP_hector_sin_elo
First 150 of 339 actions detected
| 0:00 | Queue | Villager (Male) |
| 0:01 | Queue | Villager (Male) |
| 0:30 | Queue | Villager (Male) |
| 0:30 | Queue | Villager (Male) |
| 1:34 | Queue | Villager (Male) |
| 1:34 | Queue | Villager (Male) |
| 1:52 | Queue | Villager (Male) |
| 2:19 | Queue | Villager (Male) |
| 2:19 | Queue | Villager (Male) |
| 2:46 | Queue | Villager (Male) |
| 2:47 | Queue | Villager (Male) |
| 3:18 | Queue | Villager (Male) |
| 3:40 | Build | Barracks |
| 3:45 | Queue | Villager (Male) |
| 4:13 | Queue | Villager (Male) |
| 4:40 | Queue | Villager (Male) |
| 4:46 | Queue | Militia |
| 4:58 | Build | Palisade Wall |
| 5:07 | Build | Lumber Camp |
| 5:12 | Queue | Militia |
| 5:14 | Build | Palisade Wall |
| 5:15 | Build | Palisade Wall |
| 5:28 | Queue | Militia |
| 5:38 | Queue | Militia |
| 5:42 | Build | Palisade Wall |
| 5:43 | Build | Palisade Wall |
| 5:43 | Build | Palisade Wall |
| 5:48 | Queue | Villager (Male) |
| 6:03 | Queue | Villager (Male) |
| 6:38 | Queue | Villager (Male) |
| 6:48 | Queue | Villager (Male) |
| 7:02 | Queue | Villager (Male) |
| 7:07 | Build | Mill |
| 7:20 | Queue | Militia |
| 7:25 | Queue | Villager (Male) |
| 7:41 | Build | Palisade Wall |
| 7:42 | Build | Palisade Wall |
| 7:43 | Build | Palisade Wall |
| 7:43 | Build | Palisade Wall |
| 8:15 | Queue | Villager (Male) |
| 8:17 | Build | Farm |
| 8:29 | Build | Palisade Wall |
| 8:29 | Build | Palisade Wall |
| 8:30 | Build | Palisade Wall |
| 8:42 | Queue | Villager (Male) |
| 8:53 | Build | Mill |
| 9:03 | Queue | Villager (Male) |
| 9:46 | Queue | Villager (Male) |
| 9:55 | Build | Farm |
| 10:02 | Build | Farm |
| 10:25 | Queue | Villager (Male) |
| 10:25 | Queue | Villager (Male) |
| 10:29 | Research | Feudal Age |
| 10:29 | Research | Feudal Age |
| 10:35 | Build | Mining Camp |
| 11:20 | Build | Palisade Wall |
| 11:21 | Build | Palisade Wall |
| 11:22 | Build | Palisade Wall |
| 11:25 | Build | Palisade Wall |
| 11:26 | Build | Palisade Wall |
| 11:26 | Build | Palisade Wall |
| 11:27 | Build | Palisade Wall |
| 11:51 | Queue | Militia |
| 12:39 | Age | Feudal Age |
| 12:41 | Queue | Villager (Male) |
| 12:43 | Build | Archery Range |
| 12:46 | Research | Double-Bit Axe |
| 12:49 | Research | Man-at-Arms (upgrade) |
| 13:00 | Queue | Villager (Male) |
| 13:21 | Queue | Militia |
| 13:38 | Queue | Villager (Male) |
| 13:39 | Queue | Militia |
| 13:56 | Queue | Villager (Male) |
| 13:56 | Queue | Skirmisher |
| 14:08 | Queue | Villager (Male) |
| 14:10 | Build | Blacksmith |
| 14:15 | Build | Farm |
| 14:19 | Queue | Skirmisher |
| 14:27 | Build | Farm |
| 14:41 | Queue | Skirmisher |
| 14:46 | Research | Scale Mail Armor |
| 14:53 | Queue | Villager (Male) |
| 14:58 | Build | Farm |
| 15:11 | Build | Farm |
| 15:12 | Queue | Villager (Male) |
| 15:31 | Queue | Skirmisher |
| 15:32 | Research | Padded Archer Armor |
| 15:54 | Queue | Militia |
| 15:56 | Queue | Villager (Male) |
| 16:12 | Build | Farm |
| 16:14 | Build | Farm |
| 16:16 | Build | Farm |
| 16:17 | Build | Farm |
| 16:21 | Queue | Skirmisher |
| 16:22 | Queue | Villager (Male) |
| 16:24 | Queue | Villager (Male) |
| 16:27 | Build | Farm |
| 16:33 | Build | Farm |
| 16:46 | Research | Fletching |
| 16:46 | Research | Fletching |
| 17:17 | Queue | Skirmisher |
| 17:18 | Queue | Villager (Male) |
| 17:22 | Build | Archery Range |
| 17:37 | Queue | Skirmisher |
| 17:53 | Queue | Skirmisher |
| 17:54 | Queue | Villager (Male) |
| 18:00 | Queue | Militia |
| 18:03 | Build | Farm |
| 18:08 | Build | Farm |
| 18:24 | Queue | Skirmisher |
| 18:26 | Queue | Skirmisher |
| 18:27 | Queue | Villager (Male) |
| 18:44 | Queue | Villager (Male) |
| 18:46 | Build | Farm |
| 18:47 | Build | Farm |
| 18:51 | Queue | Skirmisher |
| 18:54 | Queue | Villager (Male) |
| 19:09 | Queue | Skirmisher |
| 19:12 | Build | Farm |
| 19:25 | Build | Farm |
| 19:38 | Queue | Villager (Male) |
| 19:44 | Queue | Skirmisher |
| 19:44 | Queue | Skirmisher |
| 19:55 | Queue | Skirmisher |
| 19:56 | Queue | Villager (Male) |
| 19:58 | Queue | Militia |
| 20:18 | Build | Stable |
| 20:25 | Queue | Militia |
| 20:39 | Queue | Villager (Male) |
| 20:51 | Queue | Skirmisher |
| 20:57 | Build | Lumber Camp |
| 21:08 | Queue | Villager (Male) |
| 21:12 | Queue | Skirmisher |
| 21:12 | Queue | Skirmisher |
| 21:21 | Research | Forging |
| 21:24 | Queue | Scout Cavalry |
| 21:30 | Queue | Skirmisher |
| 21:32 | Queue | Villager (Male) |
| 21:58 | Queue | Skirmisher |
| 21:58 | Queue | Skirmisher |
| 22:01 | Queue | Villager (Male) |
| 22:01 | Queue | Villager (Male) |
| 22:03 | Build | Farm |
| 22:04 | Build | Farm |
| 22:06 | Build | Mining Camp |
| 22:28 | Queue | Skirmisher |
| 22:28 | Queue | Skirmisher |
| 22:28 | Queue | Villager (Male) |
| 22:41 | Queue | Skirmisher |
| 22:41 | Queue | Villager (Male) |
Build order — average2ksmurf
First 150 of 318 actions detected
| 0:00 | Queue | Villager (Male) ×4 |
| 0:02 | Build | House |
| 0:02 | Build | House |
| 1:24 | Queue | Villager (Male) |
| 1:24 | Queue | Villager (Male) |
| 1:43 | Build | Lumber Camp |
| 1:58 | Queue | Villager (Male) |
| 2:24 | Queue | Villager (Male) |
| 2:24 | Queue | Villager (Male) |
| 2:43 | Queue | Villager (Male) |
| 2:43 | Queue | Villager (Male) |
| 2:59 | Queue | Villager (Male) |
| 2:59 | Queue | Villager (Male) |
| 3:38 | Queue | Villager (Male) |
| 4:02 | Build | House |
| 4:11 | Queue | Villager (Male) |
| 4:11 | Queue | Villager (Male) |
| 4:14 | Queue | Villager (Male) |
| 4:14 | Queue | Villager (Male) |
| 4:45 | Queue | Villager (Male) |
| 4:49 | Build | Mill |
| 5:05 | Queue | Villager (Male) |
| 5:22 | Build | Palisade Gate |
| 5:51 | Queue | Villager (Male) |
| 6:11 | Build | Palisade Wall |
| 6:18 | Build | Palisade Wall |
| 6:20 | Build | Palisade Wall |
| 6:36 | Queue | Villager (Male) |
| 6:41 | Research | Loom |
| 7:38 | Research | Feudal Age |
| 8:14 | Build | House |
| 8:22 | Build | House |
| 8:29 | Build | House |
| 8:57 | Build | Barracks |
| 9:48 | Age | Feudal Age |
| 9:53 | Queue | Militia |
| 9:53 | Queue | Militia |
| 9:56 | Build | Archery Range |
| 10:00 | Queue | Villager (Male) |
| 10:02 | Build | Farm |
| 10:04 | Build | Farm |
| 10:05 | Build | Farm |
| 10:35 | Queue | Villager (Male) |
| 10:35 | Queue | Villager (Male) |
| 10:41 | Build | Farm |
| 10:45 | Build | Farm |
| 11:07 | Queue | Villager (Male) |
| 11:21 | Queue | Skirmisher |
| 11:23 | Queue | Villager (Male) |
| 11:34 | Build | Farm |
| 11:37 | Queue | Skirmisher |
| 11:56 | Queue | Villager (Male) |
| 12:05 | Research | Man-at-Arms (upgrade) |
| 12:08 | Queue | Skirmisher |
| 12:22 | Queue | Villager (Male) |
| 12:24 | Build | Farm |
| 12:36 | Queue | Skirmisher |
| 12:48 | Queue | Spearman |
| 12:49 | Queue | Villager (Male) |
| 13:13 | Queue | Skirmisher |
| 13:14 | Queue | Villager (Male) |
| 14:12 | Queue | Villager (Male) |
| 14:12 | Queue | Villager (Male) |
| 14:17 | Build | Mining Camp |
| 14:18 | Research | Double-Bit Axe |
| 14:20 | Queue | Skirmisher |
| 14:20 | Queue | Skirmisher |
| 15:04 | Queue | Villager (Male) |
| 15:04 | Queue | Villager (Male) |
| 15:22 | Build | House |
| 15:32 | Queue | Militia |
| 15:45 | Queue | Skirmisher |
| 16:12 | Queue | Skirmisher |
| 16:13 | Queue | Villager (Male) |
| 16:17 | Build | Blacksmith |
| 16:23 | Queue | Skirmisher |
| 16:29 | Build | House |
| 16:45 | Queue | Skirmisher |
| 17:18 | Research | Fletching |
| 17:20 | Build | House |
| 17:21 | Build | House |
| 17:31 | Queue | Villager (Male) |
| 17:31 | Queue | Villager (Male) |
| 17:59 | Queue | Skirmisher |
| 17:59 | Queue | Skirmisher |
| 18:05 | Build | Archery Range |
| 18:07 | Build | House |
| 18:08 | Queue | Villager (Male) |
| 18:46 | Queue | Villager (Male) |
| 18:47 | Queue | Skirmisher |
| 18:54 | Build | Farm |
| 18:54 | Build | Farm |
| 18:59 | Build | Farm |
| 18:59 | Build | Farm |
| 19:03 | Build | House |
| 19:04 | Queue | Villager (Male) |
| 19:10 | Queue | Skirmisher |
| 19:18 | Build | Farm |
| 19:20 | Build | House |
| 19:22 | Build | Farm |
| 19:24 | Build | Farm |
| 19:47 | Queue | Militia |
| 19:47 | Queue | Militia |
| 19:57 | Queue | Skirmisher |
| 19:58 | Queue | Skirmisher |
| 19:58 | Queue | Villager (Male) |
| 19:58 | Queue | Villager (Male) |
| 20:45 | Queue | Villager (Male) |
| 20:45 | Queue | Villager (Male) |
| 20:47 | Queue | Skirmisher |
| 20:47 | Queue | Skirmisher |
| 21:04 | Queue | Skirmisher |
| 21:05 | Queue | Skirmisher |
| 21:06 | Queue | Villager (Male) |
| 21:07 | Build | Farm |
| 21:26 | Build | Farm |
| 21:29 | Build | House |
| 22:40 | Queue | Spearman |
| 22:41 | Queue | Skirmisher |
| 22:41 | Queue | Skirmisher |
| 22:41 | Queue | Villager (Male) |
| 22:41 | Queue | Villager (Male) |
| 22:51 | Queue | Skirmisher |
| 22:51 | Queue | Skirmisher |
| 23:20 | Queue | Skirmisher |
| 23:21 | Queue | Skirmisher |
| 23:31 | Queue | Skirmisher |
| 23:31 | Queue | Skirmisher |
| 23:32 | Research | Padded Archer Armor |
| 23:55 | Queue | Skirmisher |
| 23:56 | Queue | Skirmisher |
| 23:56 | Queue | Villager (Male) |
| 23:56 | Queue | Villager (Male) |
| 24:01 | Build | Lumber Camp |
| 24:09 | Build | Farm |
| 24:09 | Build | Farm |
| 24:09 | Build | Farm |
| 24:10 | Build | Farm |
| 24:12 | Build | House |
| 24:13 | Build | House |
| 24:14 | Build | House |
| 24:18 | Queue | Skirmisher |
| 24:52 | Queue | Skirmisher |
| 24:52 | Queue | Skirmisher |
| 25:16 | Queue | Skirmisher |
| 25:16 | Queue | Skirmisher |
| 25:16 | Queue | Villager (Male) |
| 25:16 | Queue | Villager (Male) |
| 25:25 | Queue | Villager (Male) |
| 25:27 | Build | Farm |
Match timeline
| 3:40 | CORP_hector_sin_elo · first_building Barracks |
| 4:58 | CORP_hector_sin_elo · wall_segment Palisade Wall x1 |
| 5:14 | CORP_hector_sin_elo · wall_segment Palisade Wall x1 |
| 5:15 | CORP_hector_sin_elo · wall_segment Palisade Wall x5 |
| 5:42 | CORP_hector_sin_elo · wall_segment Palisade Wall x1 |
| 5:43 | CORP_hector_sin_elo · wall_segment Palisade Wall x4 |
| 5:43 | CORP_hector_sin_elo · wall_segment Palisade Wall x1 |
| 6:11 | average2ksmurf · wall_segment Palisade Wall x1 |
| 6:18 | average2ksmurf · wall_segment Palisade Wall x1 |
| 6:20 | average2ksmurf · wall_segment Palisade Wall x1 |
| 7:41 | CORP_hector_sin_elo · wall_segment Palisade Wall x1 |
| 7:42 | CORP_hector_sin_elo · wall_segment Palisade Wall x3 |
| 7:43 | CORP_hector_sin_elo · wall_segment Palisade Wall x2 |
| 7:43 | CORP_hector_sin_elo · wall_segment Palisade Wall x1 |
| 8:29 | CORP_hector_sin_elo · wall_segment Palisade Wall x2 |
| 8:29 | CORP_hector_sin_elo · wall_segment Palisade Wall x3 |
| 8:30 | CORP_hector_sin_elo · wall_segment Palisade Wall x3 |
| 8:57 | average2ksmurf · first_building Barracks |
| 9:48 | average2ksmurf · age_up feudal |
| 9:56 | average2ksmurf · first_building Archery Range |
| 11:20 | CORP_hector_sin_elo · wall_segment Palisade Wall x1 |
| 11:21 | CORP_hector_sin_elo · wall_segment Palisade Wall x2 |
| 11:22 | CORP_hector_sin_elo · wall_segment Palisade Wall x2 |
| 11:25 | CORP_hector_sin_elo · wall_segment Palisade Wall x1 |
| 11:26 | CORP_hector_sin_elo · wall_segment Palisade Wall x1 |
| 11:26 | CORP_hector_sin_elo · wall_segment Palisade Wall x1 |
| 11:27 | CORP_hector_sin_elo · wall_segment Palisade Wall x1 |
| 12:39 | CORP_hector_sin_elo · age_up feudal |
| 12:43 | CORP_hector_sin_elo · first_building Archery Range |
| 20:18 | CORP_hector_sin_elo · first_building Stable |
| 28:47 | CORP_hector_sin_elo · age_up castle |
| 28:58 | CORP_hector_sin_elo · first_building Castle |
| 30:31 | average2ksmurf · age_up castle |
| 33:32 | CORP_hector_sin_elo · first_building Siege Workshop |
| 36:03 | average2ksmurf · first_building Siege Workshop |
| 37:29 | CORP_hector_sin_elo · first_building Monastery |
| 39:08 | average2ksmurf · first_building Monastery |
| 43:38 | CORP_hector_sin_elo · age_up imperial |
| 44:05 | average2ksmurf · resign |
[ AI ANALYSIS · 1 CREDIT ]
What really happened in this match?
Wolo.gg analyzes every decision: build order, eco, micro, common mistakes by bracket. Personalized analysis on WhatsApp or Discord in 30 seconds.
Civ guide
Huns
Perfil
Jugador #459775